 Dungeon Crawl Stone Soup version 0.20-a0-299-gec7c366 (webtiles) character file.

67 Havercy the Ruffian (level 4, -2/34 HPs)
             Began as a Naga Transmuter on Dec 15, 2016.
             Slain by a kobold
             ... wielding a +0 whip
              (5 damage)
             ... on level 2 of the Dungeon.
             The game lasted 00:02:50 (1909 turns).

Havercy the Ruffian (Naga Transmuter)               Turns: 1909, Time: 00:02:51

Health: -2/34      AC:  2    Str: 11    XL:     4   Next: 16%
Magic:  6/7        EV: 10    Int: 15    God:
Gold:   116        SH:  3    Dex: 12    Spells: 6/7 levels left

rFire  . . .     SeeInvis +       - Unarmed
rCold  + . .     Gourm    .     b - +0 robe
rNeg   . . .     Faith    .     (no shield)
rPois  +         Spirit   .     (no helmet)
rElec  .         Reflect  +     (no cloak)
rCorr  .         Harm     .     (no gloves)
MR     +....                    (no barding)
Stlth  +.........               k - +3 amulet of reflection
                                i - ring of protection from cold
                                n - ring of protection from magic

@: short of breath, appendage, very slow
A: horns 2, see invisible, clever 1, deformed body, frail 1, poison resistance,
slowness 2, slow metabolism 1, spit poison 1, weak 1, AC +1
a: Spit Poison, End Transformation


You were on level 2 of the Dungeon.
You were not hungry.
You had grown temporary horns.
You visited 1 branch of the dungeon, and saw 2 of its levels.

You collected 116 gold pieces.

Inventory:

Missiles
 a - 12 arrows
Armour
 b - a +0 robe (worn)
 f - a +0 helmet
Jewellery
 e - an uncursed ring of resist corrosion
 i - a ring of protection from cold (right hand)
 k - a +3 amulet of reflection (around neck)
 n - a ring of protection from magic (left hand)
Scrolls
 h - a scroll of noise {unknown}
 j - 3 scrolls of teleportation {unknown}
Books
 c - a book of Changes

   Spells                             Type                      Level
   a - Beastly Appendage              Transmutation                1
   b - Sticks to Snakes               Transmutation                2
   c - Spider Form                    Transmutation/Poison         3
   d - Ice Form                       Ice/Transmutation            4
   e - Blade Hands                    Transmutation                5
Comestibles
 d - a bread ration
 l - 2 slices of pizza


   Skills:
 + Level 1.3 Fighting
 + Level 1.9 Dodging
 + Level 0.4 Stealth
 * Level 4.3 Unarmed Combat
 + Level 2.1 Spellcasting
 * Level 2.2 Transmutations


You had 6 spell levels left.
You knew the following spells:

 Your Spells              Type           Power        Failure   Level  Hunger
a - Beastly Appendage     Tmut           #.....       12%         1    #......


Dungeon Overview and Level Annotations

Branches:
Dungeon (2/15)

Altars:
Nemelex Xobeh


Innate Abilities, Weirdness & Mutations

You cannot wear boots.
Your serpentine skin is tough. (AC +1)
You have supernaturally acute eyesight. (SInv)
Armour fits poorly on your strangely shaped body.
Your system is resistant to poisons. (rPois)
You cover ground very slowly.
You have a slow metabolism.
You can spit poison.
You have a pair of horns on your head.
Your mind is acute. (Int +2)
You are frail. (-10% HP)
You are weak. (Str -2)


Message History

* * * LOW HITPOINT WARNING * * *
The kobold misses you. The adder bites you.
* * * LOW HITPOINT WARNING * * *
Unknown command.
Unknown command.
You barely miss the adder.
The adder is almost dead.
The kobold closely misses you. The adder closely misses you.
You barely miss the adder.
The adder is almost dead.
The kobold closely misses you. The adder barely misses you.
Unknown command.
Unknown command.
Unknown command.
Press: ? - help, Shift-Dir - straight line, f - adder
Aim: an adder (almost dead)
The splash of poison hits the adder.
You kill the adder!
You feel slightly more hungry. The kobold hits you with a whip.
You die...

## ### . .## #.## .###..
## #.. #.#(#.##
.##+###.######....?.?#
.....#...#.....##$..##...
.>...+...+....##%w.......
.....#...#.....##K#
.............#..@†##
.'#######.....††...#.
.'.....................
.'######...........###..
................#+##
............#####
.............
..............
...............


You could see a worm and a kobold.

Vanquished Creatures
  An adder (D:2)
  3 worms (D:2)
  4 dart slugs
  2 leopard geckos
  7 bats
  3 goblins (D:1)
  4 hobgoblins
  4 kobolds
  2 ball pythons (D:1)
  2 frilled lizards
  9 rats
41 creatures vanquished.

Notes
Turn   | Place    | Note
-------+----------+-------------------------------------------
     0 | D:1      | Havercy the Naga Transmuter began the quest for the Orb.
     0 | D:1      | Reached XP level 1. HP: 18/18 MP: 3/3
    89 | D:1      | Reached XP level 2. HP: 13/25 MP: 5/5
   578 | D:1      | Found a sparkling altar of Nemelex Xobeh.
  1009 | D:1      | Reached XP level 3. HP: 23/31 MP: 6/6
  1387 | D:2      | Reached skill level 4 in Unarmed Combat
  1893 | D:2      | Reached XP level 4. HP: 20/38 MP: 5/7
  1900 | D:2      | Gained mutation: You are weak. (Str -2) [potion of mutation]
  1900 | D:2      | Gained mutation: Your mind is acute. (Int +2) [potion of mutation]
  1900 | D:2      | Gained mutation: You are frail. (-10% HP) [potion of mutation]
  1909 | D:2      | Slain by a kobold

Vault maps used:
D:1:      dpeg_arrival_rooms_with_view, nemelex_diamond_rough_becter
D:2:      kennysheep_cross_room, minmay_hexomino_u4

Skill      XL: |  1  2  3 |
---------------+----------+-----
Unarmed Combat | 4 |  4.3
Fighting       | |  1.3
Dodging        | |  1.9
Stealth        | |  0.4
Spellcasting   | |  2.1
Transmutations | |  2.2

Action                   |  1- 3 |  4- 6 || total
-------------------------+-------+-------++-------
Melee: Unarmed           |   143 |    11 ||   154
       Headbutt          |     2 |       ||     2
       Punch             |     1 |       ||     1
 Cast: Beastly Appendage |     4 |     1 ||     5
 Abil: Spit Poison       |       |     1 ||     1
  Use: Potion            |     1 |     2 ||     3
 Stab: Sleeping          |     1 |       ||     1
  Eat: Chunk             |     2 |       ||     2
Armor: Robe              |    47 |     1 ||    48
       Skin              |     5 |       ||     5
Dodge: Dodged            |    78 |    17 ||    95
Block: Other             |    13 |     4 ||    17
       Reflection        |     1 |       ||     1
